 Dungeon Crawl Stone Soup version 0.29.1-1-gd02db6906a (webtiles) character file.

Game seed: 5922293029978186463

6617 AlexRAT the Fighter (level 10, -2/141 HPs)
             Began as a Minotaur Berserker on Oct 16, 2022.
             Was a High Priest of Trog.
             Slain by a red ugly thing (9 damage)
             ... on level 9 of the Dungeon.
             The game lasted 00:15:11 (7975 turns).

AlexRAT the Fighter (Minotaur Berserker)            Turns: 7975, Time: 00:15:11

Health: -2/141     AC: 15    Str: 26    XL:     10   Next: 72%
Magic:  9/9        EV: 14    Int:  4    God:    Trog [*****.]
Gold:   430        SH:  0    Dex: 10    Spells: 9/9 levels left

rFire   . . .      SeeInvis .   P - +2 whip (flame)
rCold   . . .      Faith    .   (no shield)
rNeg    . . .      Spirit   .   A - +0 troll leather armour {Pargi}
rPois   +          Reflect  .   (helmet restricted)
rElec   .          Harm     .   I - +0 cloak
rCorr   .          Rampage  .   l - +1 pair of gloves
Will    .....                   s - +0 pair of boots
Stlth   ..........              (no amulet)
HPRegen 1.13/turn               w - +4 ring of protection
MPRegen 0.11/turn               D - ring of poison resistance

@: berserking (expiring), spiked, very quick
A: horns 2, retaliatory headbutt
a: Renounce Religion, Berserk, Trog's Hand, Brothers in Arms


You were on level 9 of the Dungeon.
You worshipped Trog.
Trog was extremely pleased with you.
You visited 1 branch of the dungeon, and saw 9 of its levels.
You also visited: Sewer and Ossuary.

You collected 497 gold pieces.
You spent 67 gold pieces at shops.

Inventory:

Hand Weapons
 a - a +0 hand axe
 t - a +1 hand axe of draining
 x - a +4 whip of holy wrath
 P - a +2 whip of flaming (weapon)
Missiles
 C - 3 throwing nets (quivered)
 L - 3 javelins
Armour
 b - a +0 animal skin
 l - a +1 pair of gloves (worn)
 q - a +0 ring mail
 s - a +0 pair of boots (worn)
 A - a +0 troll leather armour (worn) {Pargi}
 I - a +0 cloak (worn)
Jewellery
 w - a +4 ring of protection (left hand)
 D - a ring of poison resistance (right hand)
Wands
 r - a wand of roots (7)
 v - a wand of charming (27)
 y - a wand of polymorph (8)
 H - a wand of digging (4)
Scrolls
 d - 5 scrolls of blinking
 e - a scroll of butterflies
 f - 5 scrolls of teleportation
 i - 3 scrolls of enchant weapon
 m - 2 scrolls of noise
 o - 5 scrolls of vulnerability
 p - 2 scrolls of magic mapping
 B - 4 scrolls of amnesia {unknown}
 E - a scroll of fear {unknown}
 F - a scroll of poison {unknown}
 K - a scroll of enchant armour {unknown}
 N - a scroll of identify
 Q - a scroll of summoning {unknown}
Potions
 c - 2 potions of flight {unknown}
 g - 7 potions of curing {unknown}
 h - 2 potions of lignification {unknown}
 j - 2 potions of might {unknown}
 k - 5 potions of brilliance {unknown}
 n - a potion of degeneration {unknown}
 u - 4 potions of attraction {unknown}
 z - 5 potions of ambrosia {unknown}
 G - 4 potions of heal wounds {unknown}
 J - 3 potions of mutation {unknown}
 M - a potion of haste {unknown}
 O - a potion of magic {unknown}
 R - a potion of cancellation {unknown}


   Skills:
 + Level 10.5 Fighting
 + Level 10.5 Axes
 + Level 10.2 Armour
 + Level 9.3 Dodging


You had 9 spell levels left.
You didn't know any spells.
Your spell library was empty.

Dungeon Overview and Level Annotations

Branches:
Dungeon (9/15)             Temple (0/1) D:7            Lair (0/5) D:9
  Sewer (visited)         Ossuary (visited)
    Orc: D:9-12

Altars:
Ashenzari
Elyvilon
Gozag
Makhleb
Nemelex Xobeh
Qazlal
Ru
Sif Muna
Uskayaw
Vehumet
Wu Jian
Yredelemnul
Zin

Shops:
D:5 *

Annotations:
D:5 3 runed translucent doors, matti1234's ghost, novice KoEn
D:6 exclusion: statue


Innate Abilities, Weirdness & Mutations

You have a pair of horns on your head.
You reflexively headbutt those who attack you in melee.


Message History

You headbutt the acid dragon.
You kill the acid dragon!
Trog accepts your kill.
The acid dragon scales are intact enough to wear.
A red ugly thing comes into view.
The barbs in your skin will harm you if you move.
Continue?
The barbed spikes dig painfully into your body as you move.
You are no longer corroded.
The manticore misses you.
The manticore claws you but does no damage. x2
Things that are here:
+0 acid dragon scales; an acid dragon corpse You closely miss the manticore.
Your headbutt misses the manticore.
The manticore barely misses you. x2; The manticore claws you.
You barely miss the manticore. Your headbutt misses the manticore.
You barely miss the manticore.
The red ugly thing punches you but does no damage.
The manticore completely misses you. The manticore barely misses you.
The manticore claws you.
You hit the manticore. You burn the manticore. You headbutt the manticore!
The manticore is moderately wounded.
You whack the manticore! You burn the manticore.
Your headbutt misses the manticore.
The manticore is almost dead.
The red ugly thing punches you!
* * * LOW HITPOINT WARNING * * *
You are engulfed in flames!!
* * * LOW HITPOINT WARNING * * *
The manticore bites you.
* * * LOW HITPOINT WARNING * * *
The manticore claws you.
* * * LOW HITPOINT WARNING * * *
The manticore barely misses you.
You barely miss the manticore.
The manticore is almost dead.
You whack the manticore! You burn the manticore.
You kill the manticore!
Trog accepts your kill. The red ugly thing punches you!
You die...

#...........#..#####..#####.
#...
#...........#......#..#.....
#...
#...........#......#..#.....
#...
#...........#####..#..#..###
#...
#...........#......#..#.....
#...
#####.......#......#..#.....
#... #.......#..#####..#####.
#... #.......#......#[.# #...
#.......#...@†.#..# #..#
#.#####.#####u.#..# #..# #.#
#.# #..#..# #..# #.# #.#
#..#..# #..' #.# #.# +..#..#
#..#
###.#####.########..########...
#..............................
#...............#############..
#...............# #.#


You could see a red ugly thing.

Vanquished Creatures
  Pikel (D:7)
  A manticore (D:9)
  A gargoyle (D:9)
  A troll (D:6)
  A hornet (D:8)
  A vampire (D:8)
  3 wyverns (D:9)
  A yak (D:9)
  Eustachio (D:6)
  2 steam dragons
  An acid dragon (D:9)
  6 water moccasins
  Duvessa (D:6)
  Pargi (Sewer)
  2 ice beasts
  3 orc warriors
  2 ogres (D:5)
  2 centaurs
  4 lemures (D:7)
  Blork the orc (D:4)
  2 bullfrogs
  3 kobold brigands
  An elf zombie (Ossuary)
  A necrophage (D:6)
  2 scorpions
  4 wights (D:7)
  Dowan (D:6)
  12 killer bees
  5 howler monkeys
  A centaur zombie (Ossuary)
  3 hounds
  3 jellies
  5 orc priests
  Crazy Yiuf (D:3)
  Terence (D:2)
  4 iguanas
  4 orc wizards
  A hound zombie (Ossuary)
  3 mummies (Ossuary)
  Robin (D:2)
  8 adders
  6 gnolls
  A river rat (D:4)
  A white imp (D:7)
  An ufetubus (D:5)
  3 adder zombies (Ossuary)
  4 worms
  2 dart slugs
  24 orcs
  8 bats
  3 endoplasms
  5 giant cockroaches
  2 gnoll zombies (Ossuary)
  18 goblins
  10 hobgoblins
  2 jackals (D:3)
  2 quokkas
  6 ball pythons
  11 frilled lizards
  3 goblin zombies (Ossuary)
  2 hobgoblin zombies (Ossuary)
  5 jackal zombies (Ossuary)
  23 kobolds
  4 kobold zombies (Ossuary)
  3 orc zombies (Ossuary)
  A quokka zombie (Ossuary)
  6 rats
  6 rat zombies (Ossuary)
264 creatures vanquished.

Vanquished Creatures (others)
  6 fungi (D:4)
6 creatures vanquished.

Grand Total: 270 creatures vanquished

Notes
Turn   | Place    | Note
-------+----------+-------------------------------------------
     0 | D:1      | AlexRAT the Minotaur Berserker began the quest for the Orb.
     0 | D:1      | Reached XP level 1. HP: 19/19 MP: 0/0
   609 | D:1      | Reached XP level 2. HP: 26/27 MP: 1/1
   868 | D:2      | Reached XP level 3. HP: 20/33 MP: 2/2
  1034 | D:2      | Reached ** piety under Trog
  1454 | D:2      | Reached XP level 4. HP: 41/41 MP: 3/3
  1536 | D:2      | Noticed Robin
  1542 | D:2      | Found a hide-covered altar of Uskayaw.
  1545 | D:2      | Killed Robin
  1932 | D:2      | Noticed Terence
  1938 | D:2      | Killed Terence
  1939 | D:2      | Reached XP level 5. HP: 47/47 MP: 4/4
  2424 | D:3      | Reached skill level 5 in Fighting
  2424 | D:3      | Reached skill level 5 in Axes
  2431 | D:3      | Found a runed translucent door.
  2434 | D:3      | Noticed Crazy Yiuf
  2573 | D:3      | Reached *** piety under Trog
  2679 | D:3      | Reached XP level 6. HP: 56/56 MP: 5/5
  2753 | D:3      | Found a faded altar of an unknown god.
  2903 | D:3      | Found a burning altar of Makhleb.
  2903 | D:3      | Noticed a green death
  2907 | D:3      | Noticed a ynoxinul
  2907 | D:3      | Noticed a ynoxinul
  3000 | D:3      | Killed Crazy Yiuf
  3335 | D:4      | Found a glowing drain.
  3339 | Sewer    | Entered a sewer
  3376 | Sewer    | Noticed Pargi
  3383 | Sewer    | Killed Pargi
  3533 | D:4      | Noticed Blork the orc
  3543 | D:4      | Killed Blork the orc
  3808 | D:4      | Reached skill level 5 in Armour
  3808 | D:4      | Reached XP level 7. HP: 50/62 MP: 6/6
  4055 | D:5      | Entered Level 5 of the Dungeon
  4160 | D:5      | Found a stormy altar of Qazlal.
  4172 | D:5      | Found a shimmering blue altar of Sif Muna.
  4275 | D:5      | Reached skill level 5 in Dodging
  4314 | D:5      | Found a runed translucent gate.
  4320 | D:5      | Noticed matti1234's ghost (novice KoEn)
  4320 | D:5      | Noticed a troll
  4323 | D:5      | Found a runed translucent gate.
  4323 | D:5      | Found a runed translucent gate.
  4374 | D:5      | Found Jonlengu's Elemental Accessories.
  4381 | D:5      | Bought a +0 cloak for 67 gold pieces
  4423 | D:5      | Found a broken altar of Ashenzari.
  4427 | D:5      | Saw a vision of the Shoals and the Spider Nest.
  4427 | D:5      | Noticed a redback
  4427 | D:5      | Noticed a steelbarb worm
  4427 | D:5      | Noticed a merfolk
  4427 | D:5      | Noticed a demonic crawler
  4427 | D:5      | Noticed a pharaoh ant
  4427 | D:5      | Noticed a kraken
  4427 | D:5      | Noticed a jumping spider
  4427 | D:5      | Noticed a demonic crawler
  4427 | D:5      | Noticed a merfolk avatar
  4427 | D:5      | Noticed an orb spider
  4427 | D:5      | Noticed a merfolk siren
  4427 | D:5      | Noticed a radroach
  4427 | D:5      | Noticed a torpor snail
  4427 | D:5      | Noticed a radroach
  4427 | D:5      | Noticed a sea snake
  4427 | D:5      | Noticed an entropy weaver
  4427 | D:5      | Noticed a spark wasp
  4427 | D:5      | Noticed a culicivora
  4427 | D:5      | Noticed a wind drake
  4427 | D:5      | Noticed a merfolk
  4427 | D:5      | Noticed a redback
  4427 | D:5      | Noticed a wolf spider
  4428 | D:5      | Noticed a sea snake
  4499 | D:5      | Found a white marble altar of Elyvilon.
  4561 | D:5      | Found a basalt altar of Yredelemnul.
  4723 | D:6      | Noticed Duvessa
  4723 | D:6      | Noticed Dowan
  4734 | D:6      | Killed Duvessa
  4735 | D:6      | Reached XP level 8. HP: 71/71 MP: 7/7
  4736 | D:6      | Killed Dowan
  4754 | D:6      | Found a sand-covered staircase.
  4762 | Ossuary  | Entered an ossuary
  4811 | Ossuary  | Reached **** piety under Trog
  5022 | D:6      | Noticed a troll
  5027 | D:6      | Killed a troll
  5326 | D:6      | Noticed Eustachio
  5345 | D:6      | Killed Eustachio
  5397 | D:6      | Reached XP level 9. HP: 45/81 MP: 8/8
  5455 | D:6      | Found a radiant altar of Vehumet.
  5462 | D:6      | Found a sparkling altar of Nemelex Xobeh.
  5732 | D:7      | Found a staircase to the Ecumenical Temple.
  5855 | D:7      | Noticed Pikel
  5867 | D:7      | Killed Pikel
  6019 | D:7      | Found a sacrificial altar of Ru.
  6171 | D:7      | Reached ***** piety under Trog
  6401 | D:7      | Found a glowing silver altar of Zin.
  7060 | D:8      | Reached XP level 10. HP: 91/91 MP: 9/9
  7529 | D:9      | Received a gift from Trog
  7530 | D:9      | Reached skill level 10 in Fighting
  7530 | D:9      | Reached skill level 10 in Axes
  7547 | D:9      | Found a staircase to the Lair.
  7654 | D:9      | Noticed a gargoyle
  7672 | D:9      | Killed a gargoyle
  7735 | D:9      | Found an opulent altar of Gozag.
  7774 | D:9      | Found an ornate altar of the Wu Jian Council.
  7884 | D:9      | Reached skill level 10 in Armour
  7961 | D:9      | Noticed a manticore
  7967 | D:9      | Noticed a red ugly thing
  7973 | D:9      | HP: 6/141 [manticore (4)]
  7975 | D:9      | Killed a manticore
  7975 | D:9      | Slain by a red ugly thing

Illustrated notes

Levels and vault maps discovered:
D:1:      dpeg_arrival_long_road, layout_loops_ring
D:2:      layout_rooms, basic_altar, minmay_pentomino_pile, uniq_robin,
          uniq_terence
D:3:      kennysheep_the_goblin_king, layout_loops_ring,
          makhleb_altar_promises_db, hellmonk_ecumenical_altar_leap_of_faith,
          uniq_crazy_yiuf_cottage
D:4:      layout_basic, serial_aquarium, aquarium_bridge_square
          [aquarium_subvault_bridge, aquarium_subvault_wall,
          aquarium_subvault_window, aquarium_subvault_bridge],
          aquarium_window_1, aquarium_window_fake, aquarium_view_4,
          aquarium_pool_split, gup_sewer_entry_spiral, serial_bayou_crossing,
          uniq_blork_the_orc
D:5:      layout_cave_pools, kennysheep_ying_yang,
          mainiacjoe_overflow_surrounded_room, amcnicky_altar_gilded,
          grunt_ashenzari_visionary [grunt_ashenzari_visionary_shoals,
          grunt_ashenzari_visionary_spider], gammafunk_ghost_split,
          nicolae_elemental_shop
D:6:      layout_gridville, nicolae_overflow_hidden_temple, vehumet_statue,
          nicolae_ossuary_entry_plus, uniq_duvessa, uniq_eustachio
D:7:      layout_loops_ring, zin_scriptorium, nicolae_ru_the_path_less_chosen,
          temple_doors_e, serial_rivers, chequers_serial_rivers_micro_c,
          chequers_serial_rivers_micro_d, chequers_serial_rivers_marsh,
          chequers_serial_rivers_micro_a, chequers_serial_rivers_small_3,
          uniq_pikel
D:8:      layout_rooms
D:9:      kennysheep_windowed_halls, layout_irregular_city,
          nicolae_wu_jian_wuxing_cycle, kennysheep_mini, lair_entry_dummy

Skill      XL: |  1  2  3  4  5  6  7  8  9 10 |
---------------+-------------------------------+-----
Fighting       | 4 5 6 8 9 10 | 10.5
Axes           | 4 5 6 8 9 10 | 10.5
Armour         | 3 4 5 6 7 9 10 | 10.2
Dodging        | 3 4 5 6 8 9 |  9.3

Action                   |  1- 3 |  4- 6 |  7- 9 | 10-12 || total
-------------------------+-------+-------+-------+-------++-------
Melee: Hand axe          |    52 |    84 |       |       ||   136
       Headbutt          |     8 |    18 |    57 |    31 ||   114
       Whip              |       |    76 |   339 |   166 ||   581
       Unarmed           |       |     7 |       |       ||     7
       Punch             |       |     1 |     3 |     4 ||     8
Invok: Berserk           |     1 |     4 |     6 |     2 ||    13
       Trog's Hand       |       |     1 |     2 |     1 ||     4
Evoke: Wand              |       |       |     1 |       ||     1
  Use: Scroll            |       |       |     8 |       ||     8
 Stab: Sleeping          |     1 |       |       |       ||     1
Armor: Animal skin       |     9 |    10 |       |       ||    19
       Ring mail         |       |    51 |       |       ||    51
       Troll leather arm |       |     7 |   138 |    76 ||   221
Dodge: Dodged            |    37 |    70 |   219 |   144 ||   470
